 Dungeon Crawl Stone Soup version 0.27-a0-585-g945025970d (webtiles) character file.

Game seed: 528080239482507132

1466 Azunone the Sneak (level 8, -2/39 (42) HPs)
             Began as a Deep Elf Venom Mage on Mar 10, 2021.
             Was a Believer of Dithmenos.
             Slain by a wight
             ... wielding a +0 great sword
              (3 damage)
             ... on level 6 of the Dungeon.
             The game lasted 00:26:22 (7430 turns).

Azunone the Sneak (Deep Elf Venom Mage)             Turns: 7430, Time: 00:26:22

HP:   -2/39 (42)    AC:  3    Str:  5    XL:     8   Next: 48%
MP:   19/19         EV: 14    Int: 22    God:    Dithmenos [**....]
Gold: 214           SH:  0    Dex: 16    Spells: 9/20 levels left

rFire    . . .     SeeInvis .   t - +2 falchion (holy)
rCold    . . .     Faith    .   (no shield)
rNeg     . . .     Spirit   .   a - +0 robe
rPois    .         Reflect  .   l - +0 helmet
rElec    .         Harm     .   (no cloak)
rCorr    .         Rampage  .   (no gloves)
Will     +....                  (no boots)
Stlth    ++++......             g - amulet of regeneration
HPRegen  1.13/turn              (no ring)
MPRegen  0.16/turn              y - ring of willpower

@: wreathed by umbra, drained
A: no striking features
a: Renounce Religion, Shadow Step


You were on level 6 of the Dungeon.
You worshipped Dithmenos.
Dithmenos was pleased with you.
You visited 1 branch of the dungeon, and saw 6 of its levels.
You also visited: Ossuary.

You collected 214 gold pieces.

Inventory:

Hand Weapons
 b - a +0 dagger
 p - a +0 rapier
 t - a +2 falchion of holy wrath (weapon)
Missiles
 h - 75 poisoned darts (quivered)
Armour
 a - a +0 robe (worn)
 l - a +0 helmet (worn)
Jewellery
 g - an amulet of regeneration (around neck)
 r - a ring of ice
 y - a ring of willpower (right hand)
 A - a ring of protection from cold
Wands
 w - a wand of iceblast (8)
Scrolls
 c - 8 scrolls of identify {unknown}
 e - 2 scrolls of teleportation {unknown}
 i - 2 scrolls of enchant armour {unknown}
 j - 3 scrolls of magic mapping {unknown}
 n - a scroll of fog {unknown}
 C - a scroll of noise {unknown}
 D - 2 scrolls of enchant weapon {unknown}
Potions
 d - a potion of flight {unknown}
 f - 2 potions of might {unknown}
 k - 2 potions of heal wounds {unknown}
 m - a potion of haste {unknown}
 o - a potion of cancellation {unknown}
 q - 2 potions of magic {unknown}
 s - 5 potions of curing
 u - 3 potions of invisibility {unknown}
 v - 3 potions of attraction {unknown}
 x - a potion of mutation {unknown}
 z - 2 potions of degeneration {unknown}
 B - 3 potions of lignification {unknown}


   Skills:
 + Level 0.9 Fighting
 + Level 1.8 Throwing
 + Level 5.5 Dodging
 + Level 6.6 Stealth
 + Level 6.6 Spellcasting
 + Level 0.1 Conjurations
 + Level 4.4 Transmutations
 + Level 0.2 Fire Magic
 + Level 6.4 Poison Magic


You had 9 spell levels left.
You knew the following spells:

 Your Spells              Type           Power      Damage    Failure   Level
a - Sting                 Tmut/Pois      100%       1d8       1%          1
b - Mephitic Cloud        Conj/Pois/Air  16%        N/A       11%         3
c - Ignite Poison         Fire/Tmut/Pois 23%        N/A       5%          3
d - Olgreb's Toxic Radia  Pois           35%        N/A       6%          4

Your spell library contained the following spells:

 Spells                   Type           Power      Damage    Failure   Level
 Poisonous Vapours        Pois/Air       42%        N/A       3%          2
 Confusing Touch          Hex            7%         N/A       26%         3
 Gell's Gravitas          Tloc           3%         N/A       26%         3
 Petrify                  Tmut/Erth      17%        N/A       34%         4
 Yara's Violent Unravell  Hex/Tmut       8%         3d5       67%         5
 Metabolic Englaciation   Hex/Ice        3%         N/A       94%         5


Dungeon Overview and Level Annotations

Branches:
Dungeon (6/15)            Ossuary (visited)
 Temple: D:4-7

Altars:
Ashenzari
Dithmenos
Makhleb
Nemelex Xobeh
Yredelemnul


Message History

The wight misses you.
A wight comes into view. It is wielding a +5 trident.
You hit the wight.
The wight convulses.
The wight is heavily damaged.
The wight barely misses you.
You riposte.
You hit the wight but do no damage.
The wight is heavily damaged.
You hit the wight.
The wight convulses.
You destroy the wight!
Dithmenos accepts your kill.
Your life force feels restored.
Things that are here:
a +4 great sword; a +0 robe You barely miss the wight.
The wight completely misses you.
A wight comes into view. It is wielding a +0 great sword.
The wight hits you with a +5 trident.
The wight moves out of view.
You hit the wight but do no damage. The wight hits you with a +5 trident!
You hit the wight but do no damage. The wight misses you.
The wight hits you with a +5 trident!
You hit the wight.
The wight convulses.
The wight is heavily damaged.
The wight barely misses you. The wight hits you with a +5 trident!
You closely miss the wight.
The wight is heavily damaged.
The wight hits you with a +5 trident.
* * * LOW HITPOINT WARNING * * *
You feel drained.
* * * LOW HITPOINT WARNING * * *
The wight barely misses you.
Okay, then.
You barely miss the wight.
The wight is heavily damaged.
The wight hits you but does no damage. The wight misses you.
The wight hits you with a +5 trident!
* * * LOW HITPOINT WARNING * * *
Okay, then.
It was a potion of curing.
You feel better.
The wight hits you with a +0 great sword!
* * * LOW HITPOINT WARNING * * *
You feel drained.
You die...

###.............<
#..##...###.##.
#...........#
#...........#
#...........#
#..##...###.##.
#.....)........
#..##..)z##.##
#..###.#@##.#
##........z.=##
#......(....)....
#.......#####(...
#...#.... (.#
#.######.. ## #
... ..#. ..#..


You could see 2 wights.

Vanquished Creatures
  3 ice beasts
  A phantom (D:4)
  Blork the orc (D:5)
  A bullfrog (D:6)
  A scorpion (D:4)
  2 wights (D:6)
  A howler monkey (D:5)
  2 bullfrog skeletons
  A hound (D:6)
  A human zombie (Ossuary)
  Jessica (D:3)
  Natasha (thrice) (D:3)
  2 iguanas (D:5)
  4 orc wizards
  6 worker ants
  A hound skeleton (D:5)
  A howler monkey zombie (D:5)
  3 mummies (Ossuary)
  A worker ant zombie (D:5)
  4 gnolls (D:4)
  5 adders
  2 shadow imps (D:5)
  An adder skeleton (D:5)
  4 adder zombies (Ossuary)
  3 worms
  3 dart slugs
  6 leopard geckos
  15 orcs
  6 bats
  4 giant cockroaches
  A gnoll zombie (Ossuary)
  14 goblins
  7 hobgoblins
  2 jackals (D:2)
  4 kobolds
  2 quokkas (D:4)
  2 ball pythons
  13 frilled lizards
  4 goblin zombies (Ossuary)
  3 hobgoblin zombies (Ossuary)
  A kobold zombie (Ossuary)
  5 rats
  4 rat zombies (Ossuary)
151 creatures vanquished.

Notes
Turn   | Place    | Note
-------+----------+-------------------------------------------
     0 | D:1      | Azunone the Deep Elf Venom Mage began the quest for the
                  | Orb.
     0 | D:1      | Reached XP level 1. HP: 10/10 MP: 6/6
   259 | D:1      | Reached XP level 2. HP: 15/15 MP: 1/8
  1452 | D:2      | Reached XP level 3. HP: 19/19 MP: 6/9
  2543 | D:2      | Found a burning altar of Makhleb.
  3073 | D:3      | Learned a level 3 spell: Mephitic Cloud
  3077 | D:3      | Learned a level 3 spell: Ignite Poison
  3102 | D:3      | Reached XP level 4. HP: 23/24 MP: 7/11
  3375 | D:3      | Found a sparkling altar of Nemelex Xobeh.
  3375 | D:3      | Found a basalt altar of Yredelemnul.
  3378 | D:3      | Found a shadowy altar of Dithmenos.
  3383 | D:3      | Found a broken altar of Ashenzari.
  3387 | D:3      | Became a worshipper of Dithmenos the Shadowed
  4208 | D:3      | Noticed Jessica
  4211 | D:3      | Killed Jessica
  4217 | D:3      | Noticed Natasha
  4224 | D:3      | Killed Natasha
  4225 | D:3      | Reached XP level 5. HP: 28/28 MP: 1/13
  4528 | D:3      | Noticed Natasha
  4537 | D:3      | Killed Natasha
  4621 | D:3      | Noticed Natasha
  4642 | D:3      | Killed Natasha
  4914 | D:4      | Learned a level 4 spell: Olgreb's Toxic Radiance
  5171 | D:4      | Reached * piety under Dithmenos
  5237 | D:4      | Reached XP level 6. HP: 32/32 MP: 11/14
  5426 | D:4      | Reached skill level 5 in Poison Magic
  5830 | D:4      | Reached skill level 5 in Spellcasting
  6054 | D:5      | Entered Level 5 of the Dungeon
  6083 | D:5      | Reached XP level 7. HP: 29/36 MP: 14/16
  6125 | D:5      | Reached skill level 5 in Stealth
  6330 | D:5      | Found a sand-covered staircase.
  6337 | Ossuary  | Entered an ossuary
  6507 | Ossuary  | Reached ** piety under Dithmenos
  6603 | D:5      | Noticed Blork the orc
  6607 | D:5      | Reached skill level 5 in Dodging
  6611 | D:5      | Killed Blork the orc
  6802 | D:5      | Reached XP level 8. HP: 41/41 MP: 18/18
  7231 | D:6      | Reached skill level 1 in Throwing
  7429 | D:6      | HP: 2/40 [wight/+5 trident (8)]
  7430 | D:6      | Slain by a wight

Illustrated notes

Levels and vault maps discovered:
D:1:      nicolae_arrival_washed_ashore, layout_basic
D:2:      layout_loops_ring, serial_co_window_serial, co_window_cross_1,
          co_window_paths_b, co_window_corner_a, co_window_paths_b,
          co_window_paths_b, co_window_corner_cb, co_window_paths_c,
          co_window_unsneaky_path_d, co_window_unsneaky_path_b,
          co_window_4corner_b, glass_columns_a, bloody_makhleb
D:3:      corexii_shack_village, layout_basic, minitemple, uniq_jessica,
          uniq_natasha
D:4:      layout_gridville
D:5:      layout_basic, chequers_ossuary_entry_cave, uniq_blork_the_orc
D:6:      layout_loops_ring, hangedman_ru_absence

Skill      XL: |  1  2  3  4  5  6  7  8 |
---------------+-------------------------+-----
Poison Magic   | 4 5 6 |  6.4
Stealth        | 3 4 5 6 |  6.6
Dodging        | 3 4 5 |  5.5
Transmutations | 2 3 4 |  4.4
Spellcasting   | 4 5 6 |  6.6
Throwing       | 1 |  1.8
Fighting       | |  0.9
Conjurations   | |  0.1
Fire Magic     | |  0.2

Action                   |  1- 3 |  4- 6 |  7- 9 || total
-------------------------+-------+-------+-------++-------
Melee: Unarmed           |     3 |       |       ||     3
       Dagger            |    12 |       |       ||    12
       Rapier            |       |    16 |       ||    16
       Falchion          |       |    49 |   155 ||   204
Throw: Dart              |       |       |    37 ||    37
 Cast: Sting             |    75 |    74 |    29 ||   178
       Mephitic Cloud    |       |     7 |     4 ||    11
       Ignite Poison     |       |     1 |     6 ||     7
       Olgreb's Toxic Ra |       |       |     2 ||     2
Evoke: Wand              |       |     2 |     2 ||     4
  Use: Potion            |       |       |     1 ||     1
 Stab: Sleeping          |     1 |     1 |     9 ||    11
       Distracted        |       |     1 |       ||     1
Armor: Robe              |     5 |    10 |    28 ||    43
Dodge: Dodged            |    31 |    59 |   154 ||   244
       Rpst.: Falchion   |       |    22 |    54 ||    76

Table legend: (Time is in decaauts)
 A = Elapsed time spent in this place.
 B = Non-inter-level travel time spent in this place.
 C = Inter-level travel time spent in this place.
 D = Time resting spent in this place.
 E = Time spent auto-exploring this place.
 F = Levels seen in this place.
 G = Mean time per level.
                   A        B        C        D        E       F      G
               +--------+--------+--------+--------+--------+-----+--------+
         Total |   7490 |   7123 |    367 |     30 |   5912 |   7 | 1070.0 |
       Dungeon |   7262 |   6895 |    367 |      0 |   5837 |   6 | 1210.3 |
       Ossuary |    228 |    228 |      0 |     30 |     75 |   1 |  228.0 |
               +--------+--------+--------+--------+--------+-----+--------+

Top non-repeatable levels by time:
     D:3: 1779 daAuts
     D:2: 1708 daAuts
     D:1: 1358 daAuts
     D:4: 1220 daAuts
     D:5: 735 daAuts
     D:6: 458 daAuts
 Ossuary: 228 daAuts
